 Dungeon Crawl Stone Soup version 0.27-a0-1090-gb115f176c6 (console) character file.

Game seed: 1519676606602167763

138 nht the Digger (level 5, 35/35 HPs)
             Began as a Demonspawn Earth Elementalist on Apr 27, 2021.
             Was a Believer of Fedhas.
             Quit the game on level 3 of the Dungeon.
             The game lasted 00:03:36 (2756 turns).

nht the Digger (Demonspawn Earth Elementalist)      Turns: 2756, Time: 00:03:37

Health: 35/35      AC:  4    Str:  9    XL:     5   Next: 1%
Magic:  8/8        EV: 12    Int: 17    God:    Fedhas [**....]
Gold:   109        SH:  0    Dex: 13    Spells: 7/8 levels left

rFire    . . .     SeeInvis .   l - staff of air
rCold    . . .     Faith    .   (no shield)
rNeg     . . .     Spirit   .   c - +0 robe
rPois    .         Reflect  .   (no helmet)
rElec    +         Harm     .   (no cloak)
rCorr    +         Rampage  .   k - +0 pair of gloves
Will     .....                  d - +0 pair of boots
Stlth    ++........             (no amulet)
HPRegen  0.11/turn              i - ring of resist corrosion
MPRegen  0.11/turn              (no ring)

@: no status effects
A: talons 1, foul stench 1
a: Renounce Religion, Wall of Briars


You were on level 3 of the Dungeon.
You worshipped Fedhas.
Fedhas was pleased with you.
You visited 1 branch of the dungeon, and saw 3 of its levels.

You collected 109 gold pieces.

Inventory:

Missiles
 b - 6 stones
Armour
 c - a +0 robe (worn)
 d - a +0 pair of boots (worn)
 j - a +0 pair of boots
 k - a +0 pair of gloves (worn)
Magical Staves
 l - a staff of air (weapon)
Jewellery
 i - a ring of resist corrosion (left hand)
 n - a ring of flight
Scrolls
 e - a scroll of vulnerability {unknown}
 g - 3 scrolls of teleportation {unknown}
 o - a scroll of torment {unknown}
Potions
 a - 3 potions of lignification
 f - 2 potions of brilliance
 h - a potion of flight
 m - a potion of resistance {unknown}


   Skills:
 - Level 1.7 Dodging
 - Level 1.7 Stealth
 - Level 2.0 Spellcasting
 - Level 0.8 Transmutations
 + Level 5.2 Earth Magic


You had 7 spell levels left.
You knew the following spells:

 Your Spells              Type           Power      Damage    Failure   Level
a - Sandblast             Erth           38%        2d10      2%          1

Your spell library contained the following spells:

 Spells                   Type           Power      Damage    Failure   Level
 Passwall                 Tmut/Erth      10%        N/A       9%          2
 Stone Arrow              Conj/Erth      20%        3d8       21%         3
 Petrify                  Tmut/Erth      12%        N/A       50%         4
 Lee's Rapid Deconstruct  Erth           9%         3d8*      52%         5


Dungeon Overview and Level Annotations

Branches:
Dungeon (3/15)

Altars:
Fedhas


Innate Abilities, Weirdness & Mutations

You have sharp toenails.
You may rarely emit foul miasma when damaged in melee.


Message History

There is a stone staircase leading down here.
Search for what [Enter for "."]? .
You climb downwards.
You hear the sound of rushing water.
There is an entrance to a sewer on this level.
Hurry and find it before the portal rusts away!
A hobgoblin and a dart slug come into view.
The hobgoblin shouts!
There is a stone staircase leading up here.
The blast of sand hits the hobgoblin.
You kill the hobgoblin!
Fedhas appreciates your contribution to the ecosystem.
The blast of sand hits the dart slug!
You kill the dart slug!
Fedhas appreciates your contribution to the ecosystem.
You have reached level 5!
Your demonic ancestry asserts itself...
You begin to emit a foul stench of rot and decay.
Magic restored.
You open the door.
There is an open door here.
You now have 109 gold pieces (gained 11).
You hear the slow rusting of a distant drain.
As you open the door, it creaks loudly!
There is an open door here.
o - a scroll labelled DEPHASUNAB
g - 3 scrolls labelled NOFIRO OGUSCHY (gained 1)
You open the door.
There is an open door here.
You open the door.
There is an open door here.
You open the door.
A frilled lizard comes into view.
The frilled lizard hisses angrily.
There is an open door here.
The blast of sand hits the frilled lizard!
You kill the frilled lizard!
Fedhas appreciates your contribution to the ecosystem.
You hear the slow rusting of a distant drain.
A ball python comes into view.
Are you sure you want to abandon this character and quit the game? (Confirm with "yes".)

+███.█.███+.█
.S█.███.███.█.██
█.█..█.█.█..█..█
█.█ █.███.█.█..█
█.█..█.█.█..█..█
█.█.███.███.█..█
█.+███.█.███'..███
█.███.....███.....
█@██'█████'██.████
█.............█
██.█..........█
█.██████████.█ █.█
.........█ █.█
.█████████ █.█ █..
███


You could see a ball python (asleep).

Vanquished Creatures
  3 gnolls (D:2)
  3 adders (D:2)
  A worm (D:2)
  5 dart slugs
  4 bats
  5 endoplasms
  7 giant cockroaches
  4 hobgoblins
  3 jackals (D:1)
  6 kobolds
  4 quokkas
  7 ball pythons
  2 frilled lizards
  7 goblins
  3 rats
64 creatures vanquished.

Notes
Turn   | Place    | Note
-------+----------+-------------------------------------------
     0 | D:1      | nht the Demonspawn Earth Elementalist began the quest for
                  | the Orb.
     0 | D:1      | Reached XP level 1. HP: 13/13 MP: 3/3
   239 | D:1      | Reached skill level 3 in Earth Magic
   373 | D:1      | Gained mutation: You have sharp toenails. [demonic
                  | ancestry]
   373 | D:1      | Reached XP level 2. HP: 19/19 MP: 3/5
   750 | D:1      | Reached XP level 3. HP: 24/24 MP: 2/6
   939 | D:1      | You fall into a shaft and drop 1 floor!
   942 | D:2      | Reached skill level 4 in Earth Magic
  1570 | D:2      | Found a faded altar of an unknown god.
  1584 | D:2      | Became a worshipper of Fedhas Madash
  1584 | D:2      | Reached * piety under Fedhas
  1720 | D:2      | Reached XP level 4. HP: 21/30 MP: 2/7
  2298 | D:2      | Reached skill level 5 in Earth Magic
  2301 | D:2      | Reached ** piety under Fedhas
  2650 | D:3      | Gained mutation: You may rarely emit foul miasma when
                  | damaged in melee. [demonic ancestry]
  2650 | D:3      | Reached XP level 5. HP: 35/35 MP: 5/8
  2756 | D:3      | Quit the game

Illustrated notes

Levels and vault maps discovered:
D:1:      psy_arrival_heroes, layout_basic, minmay_3d_cube
D:2:      minmay_razor_zed, layout_basic, shapermc_ecumenical_altar_venn,
          columned_hall_lemuel
D:3:      layout_basic, grunt_dithmenos_smoke_and_mirrors,
          gup_sewer_entry_glass, roderic_cross_of_infinity

Skill      XL: |  1  2  3  4 |
---------------+-------------+-----
Earth Magic    | 3 4 5 |  5.2
Dodging        | |  1.7
Stealth        | |  1.7
Spellcasting   | |  2.0
Transmutations | |  0.8

Action                   |  1- 3 |  4- 6 || total
-------------------------+-------+-------++-------
Melee: Unarmed           |     3 |       ||     3
 Cast: Sandblast         |    55 |    35 ||    90
  Use: Scroll            |     3 |       ||     3
Armor: Robe              |     3 |       ||     3
Dodge: Dodged            |    12 |     4 ||    16

Table legend: (Time is in decaauts)
 A = Elapsed time spent in this place.
 B = Non-inter-level travel time spent in this place.
 C = Inter-level travel time spent in this place.
 D = Time resting spent in this place.
 E = Time spent auto-exploring this place.
 F = Levels seen in this place.
 G = Mean time per level.
                   A        B        C        D        E       F      G
               +--------+--------+--------+--------+--------+-----+--------+
         Total |   2756 |   2555 |    201 |      0 |   2230 |   3 |  918.7 |
       Dungeon |   2756 |   2555 |    201 |      0 |   2230 |   3 |  918.7 |
               +--------+--------+--------+--------+--------+-----+--------+

Top non-repeatable levels by time:
     D:2: 1421 daAuts
     D:1: 1225 daAuts
     D:3: 109 daAuts
